SAA
YAKIMA HOPS @ DURHAM RAPIERS
08/24/2028
 
TOP OF THE 1ST
Yakima Hops batting - Pitching for Durham Rapiers : RHP Darius Baxa
Pitching: RHP Darius Baxa
Batting: LHB Pedro Tapia 0-0: Called Strike
0-1: Swinging Strike
0-2: Ball
1-2: Foul Ball, location: 2F
1-2: Ball
2-2: Foul Ball, location: 2F
2-2: Ball
3-2: Foul Ball, location: 2F
3-2: Foul Ball, location: 2F
3-2: Foul Ball, location: 2F
3-2: Foul Ball, location: 2F
3-2: SINGLE (Flyball, 7LS)
Batting: LHB Bob Maher 0-0: Ball
1-0: Called Strike
1-1: Ball
2-1: Foul Ball, location: 2F
2-2: Foul Ball, location: 2F
2-2: Foul Ball, location: 2F
2-2: Ball
3-2: Foul Ball, location: 2F
3-2: Foul Ball, location: 2F
3-2: Foul Ball, location: 2F
3-2: Strikes out looking
Batting: LHB Mitchell Hobbs 0-0: Called Strike
0-1: Ball
Pedro Tapia steals 2nd base
1-1: Ball
2-1: Ball
3-1: Base on Balls
Batting: RHB Javier Carretero 0-0: SINGLE (Line Drive, 4MD)
Pedro Tapia to third
Mitchell Hobbs to second
Runner from 3rd tries for Home, SAFE, no throw
Batting: SHB José Ángel 0-0: Ball
1-0: Ball
2-0: Ball
3-0: Base on Balls
Mitchell Hobbs to third
Javier Carretero to second
Batting: SHB Marlon Webster 0-0: Ball
1-0: Ball
2-0: Fly out, F2 (Popup, 34S)
Batting: RHB Xavier Gama 0-0: Ball
1-0: Ball
2-0: Ball
3-0: Base on Balls
Mitchell Hobbs scores
Javier Carretero to third
José Ángel to second
Batting: SHB Adam Staats 0-0: Ball
1-0: Ball
2-0: Ball
3-0: Called Strike
3-1: Foul Ball, location: 2F
3-2: Strikes out swinging
Top of the 1st over - 2 run(s), 2 hit(s), 0 error(s), 3 left on base; Yakima 2 - Durham 0
BOTTOM OF THE 1ST
Durham Rapiers batting - Pitching for Yakima Hops : RHP Brian Walker
Pitching: RHP Brian Walker
Batting: RHB Tomás Duarte 0-0: Ball
1-0: Called Strike
1-1: Ground out 1-3 (Groundball, 15S)
Batting: RHB António Díaz 0-0: Ball
1-0: Foul Ball, location: 2F
1-1: Ball
2-1: Swinging Strike
2-2: Ball
3-2: Base on Balls
Batting: RHB Guillermo Mata 0-0: Ball
António Díaz steals 2nd base
1-0: SINGLE (Groundball, 6D)
António Díaz to third
Runner from 3rd tries for Home, SAFE, no throw
Batting: RHB Vincent Klein 0-0: Ball
1-0: Swinging Strike
1-1: Ball
2-1: Grounds into double play, 5-4-3 (Groundball, 56)
Bottom of the 1st over - 1 run(s), 1 hit(s), 0 error(s), 0 left on base; Yakima 2 - Durham 1
TOP OF THE 2ND
Yakima Hops batting - Pitching for Durham Rapiers : RHP Darius Baxa
Batting: RHB Luis Rodríguez 0-0: Ground out 5-3 (Groundball, 56S)
Batting: LHB Pedro Tapia 0-0: Ball
1-0: Ground out 1-3 (Groundball, 13S)
Batting: LHB Bob Maher 0-0: Ball
1-0: Called Strike
1-1: Swinging Strike
1-2: Foul Ball, location: 2F
1-2: Ball
2-2: Foul Ball, location: 2F
2-2: Foul Ball, location: 2F
2-2: Foul Ball, location: 2F
2-2: Foul Ball, location: 2F
2-2: Ball
3-2: Base on Balls
Batting: LHB Mitchell Hobbs 0-0: Called Strike
0-1: Ball
1-1: Ball
Error on foul ball, E9
2-2: Fielders Choice at 2nd, 4-6 (Groundball, 34)
Top of the 2nd over - 0 run(s), 0 hit(s), 1 error(s), 0 left on base; Yakima 2 - Durham 1
BOTTOM OF THE 2ND
Durham Rapiers batting - Pitching for Yakima Hops : RHP Brian Walker
Batting: LHB Alberto Garza 0-0: Foul Ball, location: 2F
0-1: SINGLE (Groundball, 56D)
Batting: RHB Dave Sienna 0-0: Ball
1-0: Ground out 6-3 (Groundball, 6MS)
Alberto Garza to second
Batting: RHB Jules Winnfield 0-0: Ball
Alberto Garza is caught stealing 3rd base
1-0: Foul Ball, location: 2F
1-1: SOLO HOME RUN (Line Drive, 78XD), Distance : 418 ft
Batting: SHB Carlos Chávez 0-0: Ground out 1-3 (Groundball, 15S)
Bottom of the 2nd over - 1 run(s), 2 hit(s), 0 error(s), 0 left on base; Yakima 2 - Durham 2
TOP OF THE 3RD
Yakima Hops batting - Pitching for Durham Rapiers : RHP Darius Baxa
Batting: RHB Javier Carretero 0-0: Ball
1-0: Foul Ball, location: 2F
1-1: Ball
2-1: Foul Ball, location: 2F
2-2: Foul Ball, location: 2F
2-2: Ball
3-2: Strikes out looking
Batting: SHB José Ángel 0-0: Ball
1-0: Ball
2-0: Ball
3-0: Called Strike
3-1: Base on Balls
Pitching: RHP Javier Hernández
Batting: SHB Marlon Webster 0-0: Ball
1-0: Ball
José Ángel is caught stealing 2nd base
2-0: Foul Ball, location: 2F
2-1: Foul Ball, location: 2F
2-2: Foul Ball, location: 2F
2-2: Foul Ball, location: 2F
2-2: Ground out 4-3 (Groundball, 4)
Top of the 3rd over - 0 run(s), 0 hit(s), 0 error(s), 0 left on base; Yakima 2 - Durham 2
BOTTOM OF THE 3RD
Durham Rapiers batting - Pitching for Yakima Hops : RHP Brian Walker
Batting: RHB Júlio Gonzáles 0-0: Ball
1-0: Called Strike
1-1: Fly out, F7 (Flyball, 7)
Batting: RHB Tomás Duarte 0-0: Ball
1-0: Called Strike
1-1: Fly out, F7 (Flyball, 7)
Batting: RHB António Díaz 0-0: Swinging Strike
0-1: Foul Ball, location: 2F
0-2: Ball
1-2: Ball
2-2: Foul Ball, location: 2F
2-2: Ball
3-2: Strikes out looking
Bottom of the 3rd over - 0 run(s), 0 hit(s), 0 error(s), 0 left on base; Yakima 2 - Durham 2
TOP OF THE 4TH
Yakima Hops batting - Pitching for Durham Rapiers : RHP Javier Hernández
Batting: RHB Xavier Gama 0-0: Ball
1-0: TRIPLE (Flyball, 8LS)
Batting: SHB Adam Staats 0-0: Ball
1-0: Fly out, F8 (Flyball, 8LD)
Runner from 3rd tags up, SCORES, no throw
Batting: RHB Luis Rodríguez 0-0: Swinging Strike
0-1: Swinging Strike
0-2: Fly out, F4 (Flyball, 4D)
Batting: LHB Pedro Tapia 0-0: Called Strike
0-1: Ball
1-1: Foul Ball, location: 2F
1-2: Ball
2-2: Foul Ball, location: 2F
2-2: Foul Ball, location: 2F
2-2: Foul Ball, location: 2F
2-2: SINGLE (Groundball, 34D)
Batting: LHB Bob Maher Pickoff Throw to First - Out!
Top of the 4th over - 1 run(s), 2 hit(s), 0 error(s), 0 left on base; Yakima 3 - Durham 2
BOTTOM OF THE 4TH
Durham Rapiers batting - Pitching for Yakima Hops : RHP Brian Walker
Batting: RHB Guillermo Mata 0-0: Ball
1-0: Called Strike
1-1: Foul Ball, location: 2F
1-2: Ball
2-2: Reached on error, E4 (Groundball, 4)
Batting: RHB Vincent Klein 0-0: Ball
1-0: Fly out, F9 (Flyball, 9D)
Batting: LHB Alberto Garza 0-0: Ball
1-0: Ball
2-0: Ball
3-0: Called Strike
3-1: Base on Balls
Guillermo Mata to second
Batting: RHB Dave Sienna 0-0: Ball
1-0: Foul Ball, location: 2F
1-1: Fly out, F8 (Flyball, 8RD)
Batting: RHB Jules Winnfield 0-0: Fly out, F3 (Flyball, 3D)
Bottom of the 4th over - 0 run(s), 0 hit(s), 1 error(s), 2 left on base; Yakima 3 - Durham 2
TOP OF THE 5TH
Yakima Hops batting - Pitching for Durham Rapiers : RHP Javier Hernández
Batting: LHB Bob Maher 0-0: Ball
1-0: Ground out 4-3 (Groundball, 4)
Batting: LHB Mitchell Hobbs 0-0: Ball
1-0: Called Strike
1-1: Swinging Strike
1-2: Foul Ball, location: 2F
1-2: Ball
2-2: Ground out 3-1 (Groundball, 34S)
Batting: RHB Javier Carretero 0-0: Fly out, F9 (Flyball, 89S)
Top of the 5th over - 0 run(s), 0 hit(s), 0 error(s), 0 left on base; Yakima 3 - Durham 2
BOTTOM OF THE 5TH
Durham Rapiers batting - Pitching for Yakima Hops : RHP Brian Walker
Batting: SHB Carlos Chávez 0-0: Called Strike
0-1: Ball
1-1: Foul Ball, location: 2F
1-2: Foul Ball, location: 2F
1-2: Strikes out swinging
Batting: RHB Júlio Gonzáles 0-0: Called Strike
0-1: Swinging Strike
0-2: Strikes out swinging
Batting: RHB Tomás Duarte 0-0: Foul Ball, location: 2F
0-1: Called Strike
0-2: Ball
1-2: Ball
2-2: Foul Ball, location: 2F
2-2: Ball
3-2: Base on Balls
Batting: RHB António Díaz 0-0: Ball
Tomás Duarte steals 2nd base
1-0: Ground out 6-3 (Groundball, 6)
Bottom of the 5th over - 0 run(s), 0 hit(s), 0 error(s), 1 left on base; Yakima 3 - Durham 2
TOP OF THE 6TH
Yakima Hops batting - Pitching for Durham Rapiers : RHP Javier Hernández
Batting: SHB José Ángel 0-0: Ball
1-0: Ball
2-0: Foul Ball, location: 2F
2-1: Swinging Strike
2-2: Strikes out swinging
Batting: SHB Marlon Webster 0-0: Ball
1-0: Called Strike
1-1: Ball
2-1: Fly out, F8 (Flyball, 8LS)
Batting: RHB Xavier Gama 0-0: Ball
1-0: Ball
2-0: SINGLE (Flyball, 9S)
Batting: SHB Adam Staats 0-0: Ball
1-0: Foul Ball, location: 2F
1-1: Fly out, F7 (Flyball, 78S)
Top of the 6th over - 0 run(s), 1 hit(s), 0 error(s), 1 left on base; Yakima 3 - Durham 2
BOTTOM OF THE 6TH
Durham Rapiers batting - Pitching for Yakima Hops : RHP Brian Walker
Batting: RHB Guillermo Mata 0-0: Called Strike
0-1: Ball
1-1: Called Strike
1-2: Foul Ball, location: 2F
1-2: Ball
2-2: Foul Ball, location: 2F
2-2: Strikes out swinging
Batting: RHB Vincent Klein 0-0: Foul Ball, location: 2F
0-1: Called Strike
0-2: Fly out, F5 (Line Drive, 5)
Batting: LHB Alberto Garza 0-0: Ball
1-0: Ball
2-0: Ball
3-0: Called Strike
3-1: SINGLE (Flyball, 78S)
Batting: RHB Dave Sienna 0-0: Fly out, F9 (Flyball, 9LS)
Bottom of the 6th over - 0 run(s), 1 hit(s), 0 error(s), 1 left on base; Yakima 3 - Durham 2
TOP OF THE 7TH
Yakima Hops batting - Pitching for Durham Rapiers : RHP Javier Hernández
Now in LF: Luis Martínez
Batting: RHB Luis Rodríguez 0-0: Foul Ball, location: 2F
0-1: Ball
1-1: Ball
2-1: Foul Ball, location: 2F
2-2: Strikes out looking
Pitching: RHP Dave Seals
Batting: LHB Pedro Tapia 0-0: Ball
1-0: SOLO HOME RUN (Flyball, 9D), Distance : 376 ft
Batting: LHB Bob Maher 0-0: Ball
1-0: Ball
2-0: Called Strike
2-1: Called Strike
2-2: Ball
3-2: Fly out, F8 (Flyball, 8LM)
Batting: LHB Mitchell Hobbs 0-0: Ball
1-0: Called Strike
1-1: Fly out, F8 (Flyball, 8RD)
Top of the 7th over - 1 run(s), 1 hit(s), 0 error(s), 0 left on base; Yakima 4 - Durham 2
BOTTOM OF THE 7TH
Durham Rapiers batting - Pitching for Yakima Hops : RHP Brian Walker
Batting: RHB Jules Winnfield 0-0: Ball
1-0: Ball
2-0: Ball
3-0: Base on Balls
Batting: SHB Carlos Chávez 0-0: Ball
1-0: Ball
2-0: Called Strike
2-1: Swinging Strike
2-2: Foul Ball, location: 2F
2-2: Foul Ball, location: 2F
2-2: Strikes out looking
Pitching: RHP Chris Lynskey
Batting: RHB Júlio Gonzáles 0-0: Called Strike
0-1: Ball
1-1: Ball
2-1: Swinging Strike
2-2: Fly out, F9 (Flyball, 9LM)
Batting: RHB Luis Martínez 0-0: Ball
1-0: Ground out 5-3 (Groundball, 56S)
Bottom of the 7th over - 0 run(s), 0 hit(s), 0 error(s), 1 left on base; Yakima 4 - Durham 2
TOP OF THE 8TH
Yakima Hops batting - Pitching for Durham Rapiers : RHP Dave Seals
Batting: RHB Javier Carretero 0-0: Called Strike
0-1: Ball
1-1: Ball
2-1: Fly out, F3 (Popup, 3L)
Batting: SHB José Ángel 0-0: Swinging Strike
0-1: Swinging Strike
0-2: Ball
1-2: Ball
2-2: Foul Ball, location: 2F
2-2: Foul Ball, location: 2F
2-2: Foul Ball, location: 2F
2-2: Strikes out swinging
Batting: SHB Marlon Webster 0-0: Foul Ball, location: 2F
0-1: Ball
1-1: Ball
2-1: Swinging Strike
2-2: Ball
3-2: Base on Balls
Batting: RHB Xavier Gama 0-0: Ball
1-0: Ball
2-0: Called Strike
2-1: Foul Ball, location: 2F
2-2: Ground out 1-3 (Groundball, 13)
Top of the 8th over - 0 run(s), 0 hit(s), 0 error(s), 1 left on base; Yakima 4 - Durham 2
BOTTOM OF THE 8TH
Durham Rapiers batting - Pitching for Yakima Hops : RHP Chris Lynskey
Batting: RHB António Díaz 0-0: Ball
1-0: Swinging Strike
1-1: Called Strike
1-2: Fly out, F9 (Line Drive, 9)
Batting: RHB Guillermo Mata 0-0: Called Strike
0-1: Ground out 2-3 (Groundball, 2R)
Batting: RHB Vincent Klein 0-0: Foul Ball, location: 2F
0-1: Called Strike
0-2: Ball
1-2: Ball
2-2: SOLO HOME RUN (Flyball, 8LXD), Distance : 437 ft
Pitching: RHP Jesús Pineda
Batting: LHB Alberto Garza 0-0: Called Strike
0-1: Ground out 4-3 (Groundball, 4)
Bottom of the 8th over - 1 run(s), 1 hit(s), 0 error(s), 0 left on base; Yakima 4 - Durham 3
TOP OF THE 9TH
Yakima Hops batting - Pitching for Durham Rapiers : RHP Dave Seals
Pitching: RHP Briggs Bourgeois
Batting: SHB Adam Staats 0-0: Fly out, F9 (Line Drive, 9)
Batting: RHB Luis Rodríguez 0-0: Ball
1-0: SINGLE (Flyball, 8RS)
Batting: LHB Pedro Tapia 0-0: Ball
Luis Rodríguez is caught stealing 2nd base
1-0: Ball
2-0: Called Strike
2-1: Ground out 6-3 (Groundball, 6)
Top of the 9th over - 0 run(s), 1 hit(s), 0 error(s), 0 left on base; Yakima 4 - Durham 3
BOTTOM OF THE 9TH
Durham Rapiers batting - Pitching for Yakima Hops : RHP Jesús Pineda
Pitching: RHP Jack Thornton
Now at 2B: Mario Salazar
Pinch Hitting: SHB Anthony Hopkins 0-0: Swinging Strike
0-1: Ball
1-1: Ball
2-1: Swinging Strike
2-2: Strikes out swinging
Batting: RHB Jules Winnfield 0-0: Ball
1-0: Ball
2-0: Ball
3-0: Called Strike
3-1: Base on Balls
Batting: SHB Carlos Chávez 0-0: Called Strike
0-1: Called Strike
0-2: Fly out, F9 (Flyball, 89M)
Pinch Hitting: RHB Armando Chamú 0-0: Ball
1-0: Foul Ball, location: 2F
1-1: Ground out 5-3 (Groundball, 56S)
Bottom of the 9th over - 0 run(s), 0 hit(s), 0 error(s), 1 left on base; Yakima 4 - Durham 3
Tuesday, August 29th, 2017 - OOTP Baseball 17.12 Build 75